 Dungeon Crawl Stone Soup version 0.31.0-1-g2c135a008e (webtiles) character file.

Game seed: 5987758563248037628

184 qw the Shooter (level 5, 0/40 HPs)
             Began as a Djinni Hunter on Jan 24, 2024.
             Slain by a gnoll
             ... wielding a +0 flail
             ... led by a gnoll bouda
              (8 damage)
             ... on level 4 of the Dungeon.
             The game lasted 00:00:10 (2616 turns).

qw the Shooter (Djinni Hunter)                      Turns: 2616, Time: 00:00:10

Health: 0/40       AC:  3    Str: 16    XL:     5   Next: 95%
Gold:   151        EV: 13    Int: 11    God:
                   SH:  5    Dex: 18

rFire   + + +        a - +1 shortbow (freeze)
rCold   . . .        (shield currently unavailable)
rNeg    . . .        c - +0 leather armour
rPois   inf          (no helmet)
rElec   .            b - scarf {rC+ rF+}
rCorr   .            (no gloves)
SInv    .            (boots unavailable)
Will    .....        k - amulet of reflection
Stlth   ++           l - +6 ring of strength
HPRegen 0.26/turn    (no ring)
MPRegen 0.00/turn

%: reflection, infuse magic (-1 HP)
@: weakened, flying
A: sickness immunity, fire resistance 2, cold vulnerability 1, float, innate
caster, HP casting, extra vitality 1
a: no special abilities


You were on level 4 of the Dungeon.
You visited 1 branch of the dungeon, and saw 4 of its levels.

You collected 151 gold pieces.


Innate Abilities, Weirdness & Mutations

You are immune to sickness and miasma.
You are immune to poison.
Your flesh is very heat resistant. (rF++)
You are vulnerable to cold. (rC-)
You float through the air rather than walking.
You learn spells naturally, not from books.
Your magical power is your life essence.
You have superior vitality. (+4 MHP)


   Skills:
 - Level 3.0 Fighting
 + Level 4.9 Ranged Weapons
 - Level 3.0 Dodging
 - Level 0.7 Stealth


You knew the following spells:

 Your Spells              Type           Power      Damage    Failure   Level
a - Sting                 Conj/Alch      0%         1d3       41%         1
b - Static Discharge      Conj/Air       0%         3-3/arc   54%         2
Your spell library was empty.

Inventory:

Hand Weapons
 a - a +1 shortbow of freezing (weapon)
Armour
 b - a scarf of resistance (worn)
 c - a +0 leather armour (worn)
Jewellery
 g - a +4 ring of protection
 k - an amulet of reflection (around neck)
 l - a +6 ring of strength (left hand)
Scrolls
 e - 2 scrolls of amnesia {unknown}
Potions
 d - a potion of curing
 f - 2 potions of enlightenment
 h - a potion of resistance
 i - a potion of might {unknown}
 m - a potion of haste {unknown}

Dungeon Overview and Level Annotations

Branches:
Dungeon (4/15)
 Temple: D:4-7

Altars:
Ashenzari
Elyvilon
Nemelex Xobeh
Yredelemnul
Zin
The Shining One

Shops:
D:2 (

Annotations:
D:3 2 transporters, qw's ghost, amateur DjHu


Message History

2608 ||| READING scroll of teleportation.
As you read the scroll of teleportation, it crumbles to dust.
You feel strangely unstable.
The hobgoblin hits you but does no damage.
The scorpion misses you.
You shoot an arrow. The arrow barely misses the scorpion.
You block the scorpion's attack. The hobgoblin barely misses you.
You shoot an arrow. The arrow hits the scorpion.
The arrow freezes the scorpion.
You kill the scorpion!
The hobgoblin closely misses you.
You shoot an arrow. The arrow hits the hobgoblin.
The arrow freezes the hobgoblin.
You kill the hobgoblin!
Your surroundings suddenly seem different. 2 gnolls and an endoplasm come into view.
A gnoll is wielding a +0 flail and quivering a throwing net.
Found 10 gold pieces.
You shoot an arrow. The arrow hits the gnoll.
The arrow freezes the gnoll.
The gnoll shouts!
The gnoll is lightly wounded.
You hear a shout!
The gnoll shouts!
You hear a shout! x2
A gnoll comes into view. It is wielding a +0 spear.
You hear a shout!
You shoot an arrow. The arrow barely misses the gnoll.
The gnoll shouts!
A gnoll comes into view. It is wielding a +0 club.
You shoot an arrow. The arrow barely misses the gnoll.
The endoplasm jiggles.
You shoot an arrow. The arrow hits the gnoll.
The arrow freezes the gnoll.
The gnoll is severely wounded.
You block the gnoll's attack.
A gnoll bouda comes into view. It is wielding a +0 whip.
You shoot an arrow. The arrow hits the gnoll!
The arrow freezes the gnoll.
You kill the gnoll!
You block the gnoll's attack.
The gnoll bouda gazes fiercely through you!
You feel your attacks grow feeble. The endoplasm freezes you.
You are frozen.
The gnoll hits you with a +0 flail!
You die...

# .#
.#####
###$....#
+..ggg.
#)g.#
#@J.#
#+###


You could see a gnoll bouda, 3 gnolls and an endoplasm.

Vanquished Creatures
  A scorpion (D:4)
  An adder (D:3)
  A gnoll (D:4)
  5 dart slugs
  2 ribbon worms
  5 orcs
  9 endoplasms
  4 giant cockroaches
  10 goblins
  9 hobgoblins
  7 jackals
  8 kobolds
  3 quokkas
  4 ball pythons
  5 bats
  8 frilled lizards
  3 rats
85 creatures vanquished.

Notes
Turn   | Place    | Note
-------+----------+-------------------------------------------
     0 | D:1      | qw the Djinni Hunter began the quest for the Orb.
     0 | D:1      | Reached XP level 1. HP: 18/18 MP: 0/0
     0 | D:1      | 0 ||| qw: Version: 0.3-a-136-gdd3b4e8
     0 | D:1      | 0 ||| qw: Game counter: 1295
     0 | D:1      | 0 ||| qw: Melee chars always use a shield: true
     0 | D:1      | 0 ||| qw: God list: Okawaru
     0 | D:1      | 0 ||| qw: Allow faded altars: false
     0 | D:1      | 0 ||| qw: Do Orc after clearing Dungeon:15 true
     0 | D:1      | 0 ||| qw: Do second Lair branch before Depths: true
     0 | D:1      | 0 ||| qw: Lair rune preference: random
     0 | D:1      | 0 ||| qw: Goals: Normal
     0 | D:1      | 0 ||| PLANNING D:1-11
    98 | D:1      | Reached XP level 2. HP: 19/23 MP: 0/0
   332 | D:1      | Reached XP level 3. HP: 28/28 MP: 0/0
   332 | D:1      | Learned a level 1 spell: Sting
   524 | D:1      | Reached skill level 4 in Ranged Weapons
   743 | D:1      | 743 ||| DROPPING scroll of butterflies.
   964 | D:2      | HP: 3/29 [ribbon worm (8)]
  1161 | D:2      | Found the +8 trident of the Octopus King {venom, rElec
                  | rPois}
  1192 | D:2      | Reached XP level 4. HP: 33/34 MP: 0/0
  1271 | D:2      | Reached skill level 3 in Fighting
  1483 | D:2      | Found Ileediaf's Antique Weapon Shop.
  1499 | D:2      | 1499 ||| UPGRADING to amulet of regeneration.
  1504 | D:2      | 1504 ||| UPGRADING to +6 ring of strength.
  1505 | D:2      | 1505 ||| READING scroll labelled RAPHECVUOLE.
  1505 | D:2      | 1505 ||| BRANDING +0 shortbow.
  1506 | D:2      | 1506 ||| READING scroll labelled GUABOGR AMIZO.
  1506 | D:2      | 1506 ||| ENCHANTING +0 shortbow of freezing.
  1507 | D:2      | 1507 ||| READING scroll labelled SUFIHO PEDEUZ.
  1507 | D:2      | Identified a scroll of acquirement
  1507 | D:2      | 1507 ||| ACQUIRING scarf of resistance
  1507 | D:2      | Acquired a scarf of resistance
  1509 | D:2      | 1509 ||| UPGRADING to scarf of resistance.
  1514 | D:2      | 1514 ||| READING 3 scrolls labelled DOKECW MEIT.
  1515 | D:2      | 1515 ||| READING scroll labelled UTOURR COBE.
  1516 | D:2      | 1516 ||| READING scroll labelled LATOC LO FIELE.
  1516 | D:2      | 1516 ||| ENCHANTING +1 shortbow of freezing.
  1517 | D:2      | 1517 ||| READING scroll labelled RAINEUNOTE.
  1522 | D:2      | 1522 ||| READING scroll labelled BONACR XUYTH.
  1522 | D:2      | 1522 ||| IDENTIFYING fuming orange potion
  1523 | D:2      | 1523 ||| DRINKING 2 cyan potions.
  1524 | D:2      | 1524 ||| DROPPING 2 scrolls of revelation.
  1647 | D:3      | Reached skill level 3 in Dodging
  1680 | D:3      | Noticed qw's ghost (amateur DjHu)
  1733 | D:3      | Found a broken altar of Ashenzari.
  1815 | D:3      | Found a transporter.
  1816 | D:3      | Found a transporter.
  1955 | D:3      | Found a basalt altar of Yredelemnul.
  2019 | D:3      | Reached XP level 5. HP: 40/40 MP: 0/0
  2019 | D:3      | Learned a level 2 spell: Static Discharge
  2144 | D:3      | Found a sparkling altar of Nemelex Xobeh.
  2179 | D:3      | Found a glowing silver altar of Zin.
  2179 | D:3      | Found a glowing golden altar of the Shining One.
  2180 | D:3      | Found a white marble altar of Elyvilon.
  2283 | D:3      | 2283 ||| UPGRADING to amulet of reflection.
  2293 | D:3      | 2293 ||| DROPPING amulet of regeneration.
  2294 | D:3      | 2294 ||| READING scroll of identify.
  2294 | D:3      | 2294 ||| IDENTIFYING smoky blue potion
  2295 | D:3      | 2295 ||| READING scroll labelled EHOFUBB QA QUF.
  2396 | D:3      | 2396 ||| DRINKING 2 ruby potions.
  2397 | D:3      | 2397 ||| DROPPING potion of attraction.
  2607 | D:4      | HP: 6/40 [scorpion (6)]
  2608 | D:4      | 2608 ||| READING scroll of teleportation.
  2616 | D:4      | HP: 8/40 [frozen (1)]
  2616 | D:4      | Slain by a gnoll

Levels and vault maps discovered:
D:1:      giann_forest_graveyard, layout_basic
D:2:      layout_loops_ring, serial_shops, shop
D:3:      kennysheep_the_goblin_king, layout_loops_ring, good_gods_temple_1,
          nemelex_dance_club_becter, lemuel_coloured_pillars_altar,
          lemuel_crystal_altar, gammafunk_ghost_gnarly_gnolls
D:4:      layout_gridville, kennysheep_orc_sif_temple

Skill      XL: |  1  2  3  4 |
---------------+-------------+-----
Ranged Weapons | 4 |  4.9
Fighting       | 3 |  3.0
Dodging        | 3 |  3.0
Stealth        | |  0.7

Action                     |  1- 3 |  4- 6 || total
---------------------------+-------+-------++-------
   Fire: Shortbow          |   133 |   104 ||   237
    Use: Scroll            |       |    11 ||    11
         Potion            |       |     2 ||     2
 Armour: Leather armour    |    35 |    23 ||    58
  Dodge: Dodged            |    38 |    25 ||    63
  Block: Other             |       |     5 ||     5

Table legend:
 A = Non-vault XP
 B = Vault XP
 C = Vault XP percentage of total XP
 D = Non-vault monster count
 E = Vault monster count
 F = Vault count percentage of total count
                 A         B        C        D         E       F
            +---------+---------+-------+---------+---------+-------
      Total |     255 |      22 |   7.9 |      75 |      10 |  11.8
            +---------+---------+-------+---------+---------+-------
        D:1 |      45 |       0 |   0.0 |      27 |       0 |   0.0
        D:2 |      36 |       0 |   0.0 |      18 |       0 |   0.0
        D:3 |      63 |      19 |  23.2 |      22 |       9 |  29.0
        D:4 |     111 |       3 |   2.6 |       8 |       1 |  11.1
            +---------+---------+-------+---------+---------+-------
